 Dungeon Crawl Stone Soup version 0.24.0-125-gc4c63601f3 (webtiles) character file.

Game seed: 14771174241459697862, levelgen mode: deterministic

153 Motbakke the Firebug (level 5, -2/29 HPs)
             Began as a Gargoyle Fire Elementalist on Mar 16, 2020.
             Was an Initiate of Qazlal.
             Killed by divine providence
             ... invoked by an orc priest
              (15 damage)
             ... on level 3 of the Dungeon.
             The game lasted 00:32:13 (2612 turns).

Motbakke the Firebug (Gargoyle Fire Elementalist)   Turns: 2612, Time: 00:32:17

Health: -2/29      AC:  8    Str: 12    XL:     5   Next: 35%
Magic:  8/8        EV: 12    Int: 16    God:    Qazlal [......]
Gold:   72         SH:  0    Dex: 10    Spells: 2/8 levels left

rFire    . . .     SeeInvis .   f - +2 spear
rCold    . . .     Gourm    .   (no shield)
rNeg     + . .     Faith    .   a - +0 robe
rPois    ∞         Spirit   .   (no helmet)
rElec    +         Reflect  .   (no cloak)
rCorr    +         Harm     .   m - +1 pair of gloves
MR       .....                  (no boots)
Stlth    +.........             (no amulet)
HPRegen  0.09/turn              d - ring of resist corrosion
MPRegen  0.11/turn              n - ring of attention

@: no status effects
A: negative energy resistance 1, electricity resistance, unbreathing,
petrification resistance, rot immunity, AC +4
a: Renounce Religion


You were on level 3 of the Dungeon.
You worshipped Qazlal.
Qazlal was noncommittal.
You were not hungry.

You visited 1 branch of the dungeon, and saw 3 of its levels.

You collected 72 gold pieces.

Inventory:

Hand Weapons
 e - a +0 club
 f - a +2 spear (weapon)
 g - a +0 short sword
 h - a +0 club
 k - a +0 hunting sling
 o - a +0 flail
 q - a +0 spear of venom
 r - a +0 whip
 t - a +0 long sword
Missiles
 j - 86 stones (quivered)
Armour
 a - a +0 robe (worn)
 i - a +0 robe
 m - a +1 pair of gloves (worn)
Jewellery
 d - a ring of resist corrosion (left hand)
 n - a ring of attention (right hand)
Scrolls
 l - a scroll of magic mapping
 s - a scroll of enchant weapon
 u - a scroll of random uselessness {unknown}
Potions
 b - a potion of invisibility
 p - 3 potions of degeneration {unknown}
Comestibles
 c - 5 rations


   Skills:
 + Level 1.2 Fighting
 + Level 2.6 Polearms
 + Level 0.4 Throwing
 + Level 2.1 Dodging
 + Level 2.2 Stealth
 + Level 2.4 Spellcasting
 + Level 1.1 Conjurations
 + Level 3.8 Fire Magic


You had 2 spell levels left.
You knew the following spells:

 Your Spells              Type           Power        Failure   Level  Hunger
a - Flame Tongue          Conj/Fire      #....        7%          1    #......
b - Throw Flame           Conj/Fire      #.....       11%         2    ###....
c - Conjure Flame         Conj/Fire      #.......     22%         3    ###....

Your spell library contained the following spells:

 Spells                   Type           Power        Failure   Level  Hunger
 Inner Flame              Hex/Fire       #.......     26%         3    ###....
 Sticky Flame             Conj/Fire      #.......     56%         4    #####..
 Fireball                 Conj/Fire      #.........   89%         5    ######.


Dungeon Overview and Level Annotations

Branches:
Dungeon (3/15)

Altars:
Qazlal
The Shining One


Innate Abilities, Weirdness & Mutations

You are resistant to torment.
Your stone body is resilient. (AC +4)
You are immune to poison.
You resist negative energy. (rN+)
You are resistant to electric shocks. (rElec)
You can survive without breathing.
You are immune to petrification.
You are immune to rotting.


Message History

Beogh smites you! The bat closely misses you. The bat closely misses you.
The bat hits you but does no damage. The bat closely misses you.
The bat hits you but does no damage. The bat closely misses you.
The bat closely misses you. The bat hits you but does no damage.
The bat hits you. The bat closely misses you. The bat barely misses you.
The bat barely misses you.
Throwing (i - inventory)
j - 87 stones (quivered)
Press: ? - help, Shift-Dir - straight line, f/p - orc priest
Aim: an orc priest, wielding a +0 club and wearing a +0 leather armour You throw a stone.
The stone hits the orc priest but does no damage.
The bat barely misses you.
The orc priest invokes the aid of Beogh against you.
Beogh smites you!
Ouch! That really hurt!
You die...

#.....# #...†.# #..)..##...
#..o....... #..#####...
#..# .(. #bo# ##
...........# #..######
...........# #@..........
...........#####)#.........
...........##..............
............#.##...........
............#.##...........
............#.##†#.......
..<.........#.##)##...###
.....÷.................#
.....)......#..........#


You could see an orc warrior, an orc priest and a bat.

Vanquished Creatures
  5 adders (D:2)
  3 gnolls (D:2)
  3 worms
  2 dart slugs (D:2)
  2 leopard geckos
  An orc (D:3)
  9 bats
  3 giant cockroaches
  8 hobgoblins
  5 jackals
  A ball python (D:3)
  3 frilled lizards
  8 goblins
  7 kobolds
  3 rats
63 creatures vanquished.

Notes
Turn   | Place    | Note
-------+----------+-------------------------------------------
     0 | D:1      | Motbakke the Gargoyle Fire Elementalist began the quest for
                  | the Orb.
     0 | D:1      | Reached XP level 1. HP: 10/10 MP: 3/3
   269 | D:1      | Reached XP level 2. HP: 15/15 MP: 5/5
   541 | D:2      | Reached XP level 3. HP: 19/19 MP: 6/6
   762 | D:2      | Reached skill level 1 in Polearms
   766 | D:2      | Learned a level 2 spell: Throw Flame
   770 | D:2      | Learned a level 3 spell: Conjure Flame
   816 | D:2      | Reached XP level 4. HP: 19/24 MP: 7/7
  1705 | D:2      | Reached skill level 1 in Fighting
  1730 | D:2      | Reached XP level 5. HP: 29/29 MP: 8/8
  1852 | D:3      | Found a faded altar of an unknown god.
  2326 | D:3      | Found a glowing golden altar of the Shining One.
  2335 | D:3      | Found a stormy altar of Qazlal.
  2416 | D:3      | Became a worshipper of Qazlal Stormbringer
  2538 | D:3      | Noticed an orc warrior
  2612 | D:3      | Killed from afar by an orc priest

Levels and vault maps discovered:
D:1:      eino_arrival_water_star, layout_basic, hangedman_decor_diamond_cutter
D:2:      layout_basic, first_ration
D:3:      layout_basic, gammafunk_temple_overflow_pools,
          chequers_ecumenical_altar_simple

Skill      XL: |  1  2  3  4 |
---------------+-------------+-----
Polearms       | 1 2 |  2.6
Dodging        | 2 |  2.1
Fighting       | 1 |  1.2
Throwing       | |  0.4
Stealth        | |  2.2
Spellcasting   | |  2.4
Conjurations   | |  1.1
Fire Magic     | |  3.8

Action                   |  1- 3 |  4- 6 || total
-------------------------+-------+-------++-------
Melee: Spear             |    76 |   126 ||   202
Throw: Stone             |       |    41 ||    41
 Cast: Throw Flame       |       |     3 ||     3
  Use: Potion            |     2 |       ||     2
       Scroll            |     5 |     4 ||     9
 Stab: Sleeping          |     1 |       ||     1
  Eat: Ration            |       |     2 ||     2
Armor: Robe              |    27 |    48 ||    75
Dodge: Dodged            |    54 |   119 ||   173
